AoeStats
← Ernst paul

Black Forest

508657554Analyzed
4v4 RM · 9d ago on Sep 23, 2026· 84m 17s· 8 players
Game mode
Random Map
Map size
Large (8 player)
Population
200
Speed
Normal
Resources
Standard
Victory
Conquest
Starting age
Dark Age
Ending age
Imperial Age
RankedLock teamsTeams togetherTeam positionsShared explorationLock speedFull tech treeHidden civsTurbo modeCheats
Victory
Defeat
🇧🇷 Vikings · Brazil
858
+16
🇧🇪 Cumans · Belgium
802
+18
🇬🇧 Inca · United Kingdom
798
+18
🇫🇷 Hindustanis · France
788
+19
876
-19
🇪🇸 Franks · Spain
855
-18
🇨🇳 Spanish · China
853
-18
🇨🇳 Mongols · China
801
-16
food
0:29 Loom
12:39 Feudal Age
18:33 Castle Age
17:02 Horse Collar
17:10 Double-Bit Axe
22:34 Wheelbarrow
21:45 Town Watch
25:47 Heavy Plow
25:58 Bow Saw
25:46 Gold Mining
25:46 Stone Mining
28:00 Padded Archer Armor
28:55 Stone Shaft Mining
29:36 Hand Cart
29:42 Leather Archer Armor
29:18 Fletching
29:31 Caravan
30:17 Scale Mail Armor
31:18 Bodkin Arrow
33:46 Husbandry
33:56 Bloodlines
37:14 Imperial Age
37:21 Elite Conquistador
38:22 Conscription
38:39 Hoardings
38:36 Ring Archer Armor
38:07 Bracer
37:37 Capped Ram
39:07 Siege Ram
42:28 Guilds
54:48 Chain Mail Armor
54:44 Forging
54:39 Scale Barding Armor
sentoginerzarra
1:19 Loom
15:03 Feudal Age
16:19 Wheelbarrow
15:51 Double-Bit Axe
16:02 Stone Mining
16:07 Gold Mining
24:52 Castle Age
24:03 Scale Barding Armor
24:09 Forging
28:52 Bow Saw
29:28 Hand Cart
30:04 Gold Shaft Mining
34:52 Chain Barding Armor
37:27 Husbandry
36:50 Light Cavalry
40:08 Imperial Age
39:18 Scale Mail Armor
39:55 Iron Casting
39:37 Ordonnance Companies
41:01 Chivalry
41:31 Conscription
41:54 Elite Throwing Axeman
43:20 Plate Barding Armor
43:47 Blast Furnace
43:03 Chain Mail Armor
43:34 Fervor
43:31 Cavalier
44:50 Hoardings
44:45 Caravan
45:22 Fortified Wall
44:53 Treadmill Crane
45:10 Murder Holes
46:16 Chemistry
44:51 Paladin
47:42 Siege Engineers
57:17 Heavy Scorpion
61:25 Plate Mail Armor
吸любящий怔отец熏
0:31 Loom
yyyyyliber
11:41 Feudal Age
17:10 Castle Age
20:51 Double-Bit Axe
22:48 Bow Saw
25:47 Padded Archer Armor
25:52 Scale Barding Armor
29:33 Imperial Age
27:48 Padded Archer Armor
29:35 Leather Archer Armor
29:25 Scale Barding Armor
30:22 Murder Holes
31:50 Chain Barding Armor
33:36 Elite Mangudai
34:37 Forging
37:34 Iron Casting
37:06 Thumb Ring
41:48 Blast Furnace
40:42 Horse Collar
44:32 Wheelbarrow
43:42 Town Watch
45:49 Hand Cart
48:04 Bloodlines
47:14 Light Cavalry
74:10 Hussar
Cockine
15:21 Feudal Age
14:07 Loom
16:33 Horse Collar
16:41 Double-Bit Axe
20:00 Castle Age
18:47 Wheelbarrow
17:57 Town Watch
21:00 Bow Saw
20:54 Heavy Plow
24:21 Hand Cart
25:39 Town Patrol
28:01 Fervor
31:36 Fortified Wall
31:48 Ballistics
34:58 Coinage
34:29 Caravan
38:52 Imperial Age
36:37 Thumb Ring
38:56 Grand Trunk Road
40:52 Two-Man Saw
40:05 Scale Barding Armor
40:00 Scale Mail Armor
40:10 Forging
39:51 Fletching
40:01 Padded Archer Armor
41:30 Chemistry
40:35 Siege Engineers
40:26 Murder Holes
40:41 Masonry
41:36 Siege Elephant
44:08 Banking
44:46 Stone Mining
44:47 Gold Mining
44:24 Heavy Camel Rider
45:05 Husbandry
45:15 Bloodlines
45:32 Arson
46:07 Shatagni
46:28 Conscription
48:37 Imperial Camel Rider
50:28 Hoardings
50:31 Chain Barding Armor
50:27 Chain Mail Armor
50:27 Leather Archer Armor
50:48 Iron Casting
50:08 Bodkin Arrow
50:07 Guard Tower
57:43 Plate Barding Armor
58:09 Blast Furnace
57:09 Bracer
57:39 Ring Archer Armor
57:21 Careening
57:22 Clinker Construction
58:29 Gold Shaft Mining
58:30 Stone Shaft Mining
57:58 Elite Ghulam
77:45 Carvel Hull
78:53 Crossbowman
78:53 Elite Skirmisher
78:54 Heavy Cavalry Archer
TheBunjiMunji
2:19 Loom
16:33 Feudal Age
22:07 Castle Age
20:00 Double-Bit Axe
19:55 Horse Collar
20:31 Town Watch
23:06 Wheelbarrow
28:12 Hand Cart
28:34 Bow Saw
28:43 Heavy Plow
32:54 Gold Mining
32:54 Stone Mining
33:17 Forging
33:07 Scale Mail Armor
35:55 Imperial Age
35:42 Iron Casting
35:54 Chain Mail Armor
37:44 Conscription
37:25 Fabric Shields
37:40 Elite Kamayuk
37:51 Capped Ram
39:24 Caravan
40:17 Gold Shaft Mining
40:18 Stone Shaft Mining
41:00 Plate Mail Armor
41:31 Blast Furnace
41:47 Siege Ram
43:17 Crop Rotation
47:41 Onager
59:55 Fortified Wall
60:08 Ballistics
59:54 Siege Engineers
60:00 Masonry
Ernst paul
0:53 Loom
12:03 Feudal Age
12:39 Double-Bit Axe
20:27 Castle Age
19:35 Horse Collar
20:55 Stone Mining
21:57 Bow Saw
21:53 Heavy Plow
24:28 Wheelbarrow
25:52 Forging
26:35 Hand Cart
31:40 Imperial Age
30:08 Scale Barding Armor
30:39 Iron Casting
32:17 Gold Mining
32:27 Cavalier
35:51 Gold Shaft Mining
34:46 Elite Kipchak
36:54 Chemistry
36:15 Ballistics
35:40 Paladin
36:39 Bloodlines
39:06 Conscription
39:07 Capped Ram
41:22 Chain Barding Armor
42:03 Blast Furnace
41:06 Scale Mail Armor
40:37 Siege Ram
41:15 Pikeman
41:45 Arson
42:05 Squires
42:02 Halberdier
44:17 Caravan
45:30 Chain Mail Armor
45:51 Plate Barding Armor
48:03 Plate Mail Armor
47:24 Fletching
47:35 Padded Archer Armor
59:06 Bodkin Arrow
59:27 Leather Archer Armor
61:51 Elite Skirmisher
69:02 Ring Archer Armor
80:59 Thumb Ring
HaweN
1:00 Loom
13:55 Feudal Age
20:34 Castle Age
19:19 Double-Bit Axe
24:12 Fletching
28:19 Gold Mining
29:51 Arson
32:39 Bow Saw
33:58 Stone Mining
36:12 Scale Mail Armor
36:22 Forging
38:03 Murder Holes
38:19 Fortified Wall
38:16 Town Watch
39:12 Gold Shaft Mining
40:00 Horse Collar
40:29 Squires
41:40 Heavy Plow
45:32 Imperial Age
47:37 Chemistry
47:17 Onager
48:37 Masonry
48:57 Capped Ram
51:40 Architecture
51:07 Bodkin Arrow
51:40 Elite Varangian Guard
53:23 Conscription
53:04 Bogsveigar
54:28 Two-Man Saw
53:44 Padded Archer Armor
53:26 Elite Skirmisher
56:28 Chieftains
58:51 Ballistics
58:50 Leather Archer Armor
59:51 Crop Rotation
61:24 Siege Engineers
61:06 Arrowslits
61:12 Guard Tower
61:27 Caravan
60:58 Elite Berserk
61:11 Crossbowman
64:23 Arbalester
Connection lost

Rejoining the realm…

Still unreachable

The connection could not be restored.

Session expired

The server has moved on; the page needs a fresh start.